 Dungeon Crawl Stone Soup version 0.22-a0-776-ge6d7efa (webtiles) character file.

2044 Hebeh the Destroyer (level 9, -2/45 HPs)
             Began as a Deep Elf Conjurer on July 18, 2018.
             Was a Follower of Vehumet.
             Shot with an arrow by a centaur (9 damage)
             ... on level 7 of the Dungeon.
             The game lasted 00:37:54 (9602 turns).

Hebeh the Destroyer (Deep Elf Conjurer)             Turns: 9602, Time: 00:37:55

Health: -2/45      AC:  3    Str:  5    XL:     9   Next: 4%
Magic:  17/23      EV: 13    Int: 24    God:    Vehumet [*.....]
Gold:   264        SH:  0    Dex: 19    Spells: 6/25 levels left

rFire    . . .     SeeInvis .   M - staff of energy
rCold    . . .     Gourm    +   (no shield)
rNeg     + . .     Faith    .   d - +0 robe
rPois    .         Spirit   .   (no helmet)
rElec    .         Reflect  .   w - +0 cloak
rCorr    .         Harm     .   (no gloves)
MR       .....                  (no boots)
Stlth    ++........             L - amulet of the gourmand
HPRegen  0.15/turn              q - ring of positive energy
MPRegen  0.18/turn              s - +4 ring of dexterity

@: no status effects
A: no striking features
a: Renounce Religion


You were on level 7 of the Dungeon.
You worshipped Vehumet.
Vehumet was aware of your devotion.
You were completely stuffed.

You visited 2 branches of the dungeon, and saw 8 of its levels.

You collected 264 gold pieces.

Inventory:

Hand Weapons
 a - a +1 dagger of protection
 b - a +3 mace
 x - a +1 flail of venom
Missiles
 e - 180 stones (quivered)
 r - 39 arrows
 v - 59 sling bullets
 A - 7 tomahawks
 B - 107 bolts
 E - 2 throwing nets
Armour
 d - a +0 robe (worn)
 w - a +0 cloak (worn)
Magical Staves
 M - an uncursed staff of energy (weapon)
Jewellery
 q - a ring of positive energy (left hand)
 s - a +4 ring of dexterity (right hand)
 L - an amulet of the gourmand (around neck)
Wands
 J - a wand of random effects (27)
Scrolls
 f - a scroll of random uselessness {unknown}
 g - 3 scrolls of amnesia
 l - 2 scrolls of fog
 m - 4 scrolls of remove curse
 n - 2 scrolls of identify
 p - a scroll of enchant armour {unknown}
 y - 7 scrolls of teleportation
 G - a scroll of enchant weapon {unknown}
 I - a scroll of noise {unknown}
 K - 2 scrolls of magic mapping {unknown}
 N - a scroll of blinking {unknown}
 P - a scroll of acquirement {unknown}
Potions
 h - 2 potions of ambrosia {unknown}
 i - 2 potions of lignification {unknown}
 j - 3 potions of brilliance {unknown}
 k - 2 potions of agility {unknown}
 o - 2 potions of curing {unknown}
 t - a potion of flight {unknown}
 u - a potion of haste {unknown}
 z - 4 potions of heal wounds {unknown}
 C - 2 potions of cancellation {unknown}
 D - a potion of might {unknown}
 F - a potion of degeneration {unknown}
 H - a potion of mutation {unknown}
Comestibles
 c - 8 rations


   Skills:
 - Level 2.4 Dodging
 - Level 2.4 Stealth
 + Level 8.5 Spellcasting
 * Level 10.5 Conjurations
 + Level 5.3 Translocations


You had 6 spell levels left.
You knew the following spells:

 Your Spells              Type           Power        Failure   Level  Hunger
a - Magic Dart            Conj           ####         1%          1    None
b - Iskenderun's Mystic   Conj           ######..     1%          4    None
c - Force Lance           Conj/Tloc      #####...     2%          4    None
d - Searing Ray           Conj           ######       1%          2    None
e - Conjure Flame         Conj/Fire      #####...     2%          3    None
f - Dazzling Spray        Conj/Hex       #####.       2%          3    None
j - Blink                 Tloc           N/A          1%          2    None

Your spell library contained the following spells:

 Spells                   Type           Power        Failure   Level  Hunger
 Slow                     Hex            ##......     10%         2    None
 Mephitic Cloud           Conj/Pois/Air  ####....     4%          3    None
 Call Imp                 Summ           ##......     10%         2    None
 Fulminant Prism          Conj/Hex       #####.....   7%          4    None


Dungeon Overview and Level Annotations

Branches:
Dungeon (7/15)             Temple (1/1) D:5

Altars:
Cheibriados
Dithmenos
Elyvilon
Fedhas
Gozag
Hepliaklqana
Kikubaaqudgha
Makhleb
Nemelex Xobeh
Okawaru
Qazlal
Ru
Sif Muna
Trog
Uskayaw
Vehumet
Wu Jian
Xom
Yredelemnul
Zin
The Shining One

Shops:
D:7 *

Annotations:
D:7 Prince Ribbit


Message History

A centaur comes into view.
The searing ray hits the centaur.
The centaur is moderately wounded.
The centaur wields a runed shortbow.
The centaur shoots an arrow.
The arrow hits you.
The centaur shoots an arrow.
The arrow hits you!
* * * LOW HITPOINT WARNING * * *
The searing ray hits the centaur.
You kill the centaur!
Vehumet accepts your kill.
You finish channeling your searing ray.
The centaur shoots an arrow.
The arrow misses you.
Casting: Searing Ray (safe; 1% risk of failure)
Confirm with . or Enter, or press ? or * to list all spells.
Aiming: Magic Dart (safe; 1% risk of failure)
Press: ? - help, Shift-Dir - straight line, f - centaur
Aim: a centaur, wielding a shortbow (lightly wounded)
The magic dart hits the centaur.
The centaur is heavily wounded.
The centaur shoots an arrow.
The arrow hits you!
You die...

## .. .### ..#
#c####### #<#.....
#.#########)..#.#####
..⌠.⌠....@(c.........
##.∩....#####.)######
#####⌠.⌠.#.).###.(..#
#....#######..##.##.#
#....########.)...#.#
#................)...
....######.....###.##
... #..##### #####.##
#.##


You could see a centaur.

Vanquished Creatures
  Grinder (D:6)
  An ice beast (D:6)
  A sky beast (D:2)
  A black bear (D:6)
  4 ogres
  A centaur (D:7)
  3 scorpions
  3 crimson imps
  4 orc priests
  2 hounds
  2 jellies
  Crazy Yiuf (D:2)
  2 iguanas
  5 orc wizards
  7 worker ants
  Natasha (twice) (D:2)
  A hound zombie (D:5)
  5 adders
  A howler monkey skeleton (D:7)
  A shadow imp (D:5)
  An ooze (D:1)
  3 worms
  2 dart slugs (D:1)
  4 leopard geckos
  15 orcs
  14 bats
  8 giant cockroaches
  6 goblins
  11 hobgoblins
  13 jackals
  4 kobolds
  2 quokkas
  5 ball pythons
  6 frilled lizards
  2 hobgoblin zombies (D:5)
  A kobold skeleton (D:5)
  2 orc skeletons (D:5)
  3 orc zombies (D:5)
  A quokka zombie (D:5)
  8 rats
159 creatures vanquished.

Notes
Turn   | Place    | Note
-------+----------+-------------------------------------------
     0 | D:1      | Hebeh the Deep Elf Conjurer began the quest for the Orb.
     0 | D:1      | Reached XP level 1. HP: 10/10 MP: 6/6
   183 | D:1      | Reached XP level 2. HP: 15/15 MP: 2/8
   450 | D:1      | Reached skill level 5 in Conjurations
   909 | D:1      | Reached XP level 3. HP: 19/19 MP: 7/10
   913 | D:1      | Learned a level 2 spell: Searing Ray
  1733 | D:2      | Noticed a sky beast
  1737 | D:2      | Killed a sky beast
  1737 | D:2      | Reached skill level 6 in Conjurations
  1737 | D:2      | Reached XP level 4. HP: 24/24 MP: 6/12
  1737 | D:2      | Reached XP level 5. HP: 28/28 MP: 7/14
  1886 | D:2      | Learned a level 4 spell: Iskenderun's Mystic Blast
  1890 | D:2      | Learned a level 3 spell: Dazzling Spray
  2008 | D:2      | Found a runed door.
  2356 | D:2      | Noticed Natasha
  2360 | D:2      | Killed Natasha
  2360 | D:2      | Reached skill level 5 in Spellcasting
  2529 | D:2      | Noticed Natasha
  2532 | D:2      | Killed Natasha
  2639 | D:2      | Learned a level 4 spell: Force Lance
  2639 | D:2      | Noticed Crazy Yiuf
  2643 | D:2      | Killed Crazy Yiuf
  2643 | D:2      | Reached skill level 7 in Conjurations
  2797 | D:3      | Reached XP level 6. HP: 26/32 MP: 6/16
  3743 | D:3      | Reached skill level 1 in Translocations
  4269 | D:3      | Learned a level 2 spell: Blink
  4662 | D:4      | Reached XP level 7. HP: 21/36 MP: 11/18
  5196 | D:4      | Reached skill level 8 in Conjurations
  5222 | D:4      | HP: 1/36 [poisoned by a worker ant]
  5913 | D:5      | Entered Level 5 of the Dungeon
  6409 | D:5      | Found a bloodstained altar of Trog.
  6411 | D:5      | Found a stormy altar of Qazlal.
  6411 | D:5      | Found an iron altar of Okawaru.
  6437 | D:5      | Learned a level 3 spell: Conjure Flame
  6794 | D:5      | Found a glowing golden altar of the Shining One.
  7028 | D:5      | Reached XP level 8. HP: 41/41 MP: 12/20
  7031 | D:5      | Reached skill level 9 in Conjurations
  7185 | D:5      | Found a white marble altar of Elyvilon.
  7297 | D:5      | Found a staircase to the Ecumenical Temple.
  7310 | Temple   | Entered the Ecumenical Temple
  7429 | Temple   | Became a worshipper of Vehumet
  7725 | D:6      | Noticed Grinder
  7759 | D:6      | Killed Grinder
  8529 | D:6      | Reached skill level 10 in Conjurations
  9420 | D:7      | Found Didonog's Assorted Antiques.
  9426 | D:7      | Reached * piety under Vehumet
  9426 | D:7      | Offered knowledge of Sandblast by Vehumet.
  9426 | D:7      | Reached skill level 5 in Translocations
  9488 | D:7      | Reached XP level 9. HP: 32/45 MP: 6/23
  9536 | D:7      | Noticed Prince Ribbit
  9602 | D:7      | Shot with an arrow by a centaur

Vault maps used:
D:1:      saegor_arrival_under_anarchy
D:2:      first_ration, minivault_19, uniq_natasha, uniq_crazy_yiuf_cottage
D:3:      minmay_strange_pillars, kennysheep_generic_room_14
D:4:      kennysheep_doodads, serial_bayou_ford_a, item_on_display_a
D:5:      nicolae_tso_besieged_by_evil, lemuel_doored_altar,
          gammafunk_temple_overflow_forgotten,
          minmay_temple_entry_statues_pillars
D:6:      kennysheep_generic_room_5, uniq_grinder
D:7:      evilmike_ruin_ashenzari, serial_shops, shop_fountains,
          uniq_prince_ribbit1
Temple:   nicolae_temple_elliptical

Skill      XL: |  1  2  3  4  5  6  7  8 |
---------------+-------------------------+-----
Conjurations   | 5 6 7 8 10 | 10.5
Spellcasting   | 4 5 6 7 8 |  8.5
Translocations | 2 3 5 |  5.3
Dodging        | |  2.4
Stealth        | |  2.4

Action                   |  1- 3 |  4- 6 |  7- 9 || total
-------------------------+-------+-------+-------++-------
Melee: Short sword       |    16 |       |       ||    16
       Dagger            |       |     7 |       ||     7
 Cast: Magic Dart        |    69 |    67 |   135 ||   271
       Searing Ray       |     3 |     9 |    23 ||    35
       Iskenderun's Myst |       |    18 |    22 ||    40
       Dazzling Spray    |       |     1 |     3 ||     4
       Blink             |       |     1 |       ||     1
       Conjure Flame     |       |       |     2 ||     2
       Force Lance       |       |       |     2 ||     2
  Use: Scroll            |       |       |     5 ||     5
  Eat: Chunk             |     2 |    12 |    11 ||    25
       Ration            |       |       |     4 ||     4
Armor: Robe              |     3 |     3 |     6 ||    12
Dodge: Dodged            |    18 |    10 |    33 ||    61

Table legend:
 A = Spawn XP
 B = Non-spawn XP
 C = Spawn XP percentage of total XP
 D = Spawn monster count
 E = Non-spawn monster count
 F = Spawn count percentage of total count
 G = Total turns spent on level
                    A         B        C        D         E        F      G
               +---------+---------+-------+---------+---------+-------+---------
         Total |       0 |    2921 |   0.0 |       0 |     159 |   0.0 |  9602
               +---------+---------+-------+---------+---------+-------+---------
           D:1 |       0 |      64 |   0.0 |       0 |      32 |   0.0 |  1493
           D:2 |       0 |     301 |   0.0 |       0 |      25 |   0.0 |  1283
           D:3 |       0 |     178 |   0.0 |       0 |      30 |   0.0 |  1507
           D:4 |       0 |     446 |   0.0 |       0 |      17 |   0.0 |  1630
           D:5 |       0 |     692 |   0.0 |       0 |      28 |   0.0 |  1600
           D:6 |       0 |     723 |   0.0 |       0 |      13 |   0.0 |  1626
           D:7 |       0 |     517 |   0.0 |       0 |      14 |   0.0 |   322
               +---------+---------+-------+---------+---------+-------+---------
